 Dungeon Crawl Stone Soup version 0.25.1-2-g60ff931df9 (webtiles) character file.

Game seed: 11892487992783867028

48 DildoBatman the Magician (level 4, 0/30 HPs)
             Began as a Formicid Wizard on Oct 5, 2020.
             Slain by Jessica (3 damage)
             ... on level 3 of the Dungeon.
             The game lasted 00:02:59 (2042 turns).

DildoBatman the Magician (Formicid Wizard)          Turns: 2042, Time: 00:03:00

Health: 0/30       AC:  2    Str: 12    XL:     4   Next: 0%
Magic:  3/8        EV: 12    Int: 18    God:
Gold:   93         SH:  0    Dex:  9    Spells: 8/9 levels left

rFire    . . .     SeeInvis +   c - -1 mace (curse)
rCold    . . .     Gourm    .   (no shield)
rNeg     . . .     Faith    .   a - +0 robe
rPois    .         Spirit   .   (helmet unavailable)
rElec    .         Reflect  .   (no cloak)
rCorr    .         Harm     .   (no gloves)
MR       .....                  (no boots)
Stlth    ++........             (no amulet)
HPRegen  0.10/turn              (no ring)
MPRegen  0.11/turn              (no ring)

@: no status effects
A: permanent stasis, dig shafts and tunnels, four strong arms, antennae 3
a: Dig, Shaft Self


You were on level 3 of the Dungeon.
You were hungry.

You visited 1 branch of the dungeon, and saw 3 of its levels.

You collected 93 gold pieces.

Inventory:

Hand Weapons
 c - a cursed -1 mace (weapon)
 d - a +0 short sword
Missiles
 e - 19 bolts
 f - 8 curare-tipped darts (quivered)
 g - 118 stones
 i - 31 poisoned darts
 k - 45 arrows
Armour
 a - a +0 robe (worn)
 b - a +0 kite shield
Scrolls
 h - a scroll of enchant armour {unknown}
 j - a scroll of blinking {unknown}
Comestibles
 l - a chunk of flesh
 v - 4 rations


   Skills:
 - Level 1.7 Dodging
 - Level 2.4 Stealth
 - Level 3.2 Spellcasting
 * Level 3.1 Conjurations
   Level 1.0 Summonings
   Level 0.8 Translocations


You had 8 spell levels left.
You knew the following spells:

 Your Spells              Type           Power        Failure   Level  Hunger
c - Magic Dart            Conj           ##..         4%          1    None

Your spell library contained the following spells:

 Spells                   Type           Power        Failure   Level  Hunger
 Call Imp                 Summ           #.......     16%         2    ##.....
 Slow                     Hex            #.......     24%         2    ##.....
 Conjure Flame            Conj/Fire      #.......     26%         3    ###....
 Mephitic Cloud           Conj/Pois/Air  #.......     30%         3    ###....
 Blink                    Tloc           Unusable     N/A         2    N/A

Dungeon Overview and Level Annotations

Branches:
Dungeon (2/15)

Altars:

Annotations:
D:3 Jessica


Innate Abilities, Weirdness & Mutations

You cannot be hasted, slowed, berserked, paralysed or teleported.
You can dig through walls and to a lower floor.
Your four strong arms can wield two-handed weapons with a shield.
You have a pair of large antennae on your head. (SInv)


Message History

You barely resist. The worm closely misses you.
What are your orders? t - Shout!
Orders for allies: a - Attack new target. r - Retreat! s - Stop attacking. g - Guard the area. f - Follow me.
Anything else - Cancel.
You shout for attention!
Jessica casts a spell.
Jessica seems to speed up.
What are your orders? t - Shout!
Orders for allies: a - Attack new target. r - Retreat! s - Stop attacking. g - Guard the area. f - Follow me.
Anything else - Cancel.
You shout for attention!
Jessica hits you.
You die...

### ..#
#.#######
#....?...
#@@# #.w#
...#
#....
#...##
###.# ..
##


You could see a worm and Jessica (fast).

Vanquished Creatures
  An adder (D:2)
  A worm (D:2)
  2 dart slugs (D:1)
  A leopard gecko (D:1)
  2 giant cockroaches (D:2)
  6 goblins
  3 hobgoblins (D:1)
  7 kobolds
  2 ball pythons
  2 bats (D:1)
  2 frilled lizards (D:1)
  2 rats (D:1)
31 creatures vanquished.

Notes
Turn   | Place    | Note
-------+----------+-------------------------------------------
     0 | D:1      | DildoBatman the Formicid Wizard began the quest for the
                  | Orb.
     0 | D:1      | Reached XP level 1. HP: 13/13 MP: 4/4
    29 | D:1      | Reached skill level 1 in Conjurations
   208 | D:1      | Reached XP level 2. HP: 19/19 MP: 0/6
   830 | D:1      | Reached XP level 3. HP: 6/24 MP: 1/7
  2022 | D:2      | Reached XP level 4. HP: 30/30 MP: 1/8
  2025 | D:2      | You fall into a shaft and drop 1 floor!
  2030 | D:3      | Noticed Jessica
  2042 | D:3      | Slain by Jessica

Illustrated notes

Levels and vault maps discovered:
D:1:      sevenhm_arrival_forest_fort_large_1, layout_loops_ring, serial_forest,
          infiniplex_forest_zigzag_1, infiniplex_forest_straight_3,
          infiniplex_forest_straight_2, infiniplex_forest_end_double,
          infiniplex_forest_zigzag_1, infiniplex_forest_end_2,
          infiniplex_forest_clump_small, infiniplex_forest_clump_diagonal,
          feat_on_display
D:2:      layout_basic, tgw_trog, minmay_pentomino_v4
D:3:      layout_loops_corners, tso_oasis_becter, first_ration, minivault_14,
          uniq_natasha, uniq_jessica, uniq_purgy

Skill      XL: |  1  2  3 |
---------------+----------+-----
Conjurations   | 1 2 3 |  3.1
Dodging        | |  1.7
Stealth        | |  2.4
Spellcasting   | |  3.2
Summonings     | |  1.0
Translocations | |  0.8

Action                   |  1- 3 |  4- 6 || total
-------------------------+-------+-------++-------
Melee: Mace              |     8 |       ||     8
 Cast: Magic Dart        |    75 |     1 ||    76
 Abil: Dig               |     3 |       ||     3
       Shaft Self        |       |     1 ||     1
  Eat: Chunk             |     3 |       ||     3
Armor: Robe              |     1 |       ||     1
Dodge: Dodged            |    17 |     7 ||    24
